 Dungeon Crawl Stone Soup version 0.31-a0-354-g827e0957a7 (webtiles) character file.

Game seed: 5722449568643308499

53 MacCMillion the Ruffian (level 3, -4/27 HPs)
             Began as a Merfolk Shapeshifter on July 24, 2023.
             Killed by divine providence
             ... invoked by an orc priest
              (10 damage)
             ... on level 3 of the Dungeon.
             The game lasted 00:02:27 (1197 turns).

MacCMillion the Ruffian (Merfolk Shapeshifter)      Turns: 1197, Time: 00:02:27

Health: -4/27      AC:  2    Str: 17    XL:     3   Next: 87%
Magic:  3/3        EV: 12    Int:  7    God:
Gold:   77         SH:  0    Dex: 14    Spells: 2/2 levels left

rFire   . .          .
                       - Unarmed
rCold   . . .        (no shield)
rNeg    . . .        a - +0 animal skin
rPois   .            (helmet currently unavailable)
rElec   .            (cloak currently unavailable)
rCorr   .            (gloves currently unavailable)
SInv    .            (boots currently unavailable)
Will    .....        (no amulet)
Stlth   +            (no ring)
HPRegen 0.24/turn    (no ring)
MPRegen 0.08/turn

%: no passive effects
@: beast-form
A: beast (slay +3), (nimble swimmer 2), mertail
a: Begin Untransformation


You were on level 3 of the Dungeon.
You were a hulking beast.
You visited 1 branch of the dungeon, and saw 3 of its levels.

You collected 77 gold pieces.

Inventory:

Armour
 a - a +0 animal skin (worn)
Jewellery
 f - an amulet of magic regeneration
Talismans
 c - a beast talisman
Scrolls
 d - 2 scrolls of amnesia {unknown}
 e - 3 scrolls of identify {unknown}
 g - a scroll of immolation {unknown}
 i - a scroll of fear {unknown}
 l - a scroll of teleportation {unknown}
 m - a scroll of poison {unknown}
Potions
 b - a potion of lignification
 h - a potion of heal wounds {unknown}
 j - a potion of haste {unknown}
 k - a potion of enlightenment {unknown}
 n - a potion of brilliance {unknown}


   Skills:
 + Level 2.2 Fighting
 - Level 2.6 Dodging
 * Level 4.4 Unarmed Combat
 - Level 4.3 Shapeshifting


You had 2 spell levels left.
You didn't know any spells.
Your spell library contained the following spells:

 Spells                   Type           Power      Damage    Failure   Level
 Shock                    Conj/Air       0%         1d3       43%         1
 Sting                    Tmut/Pois      0%         1d3       43%         1
 Mephitic Cloud           Conj/Pois/Air  0%         N/A       80%         3
 Swiftness                Air            0%         N/A       80%         3
 Airstrike                Air            0%         2d(0-16)  99%         4
 Olgreb's Toxic Radiance  Pois           0%         N/A       99%         4
 Arcjolt                  Conj/Air       0%         1d10      100%        5


Dungeon Overview and Level Annotations

Branches:
Dungeon (3/15)

Altars:

Annotations:
D:2 Sigmund


Innate Abilities, Weirdness & Mutations

You are a hulking beast.
Your limbs bulge with bestial killing power. (Slay +3)
((You are very nimble when in or above water. (Stealth+, EV+, Speed+++)))
Your lower body shifts to a powerful aquatic tail in water.


Message History

There are monsters nearby!
You start waiting.
An orc is nearby!
The orc throws a silver boomerang.
The silver boomerang barely misses you. The orc misses you.
You hit the orc.
The orc is moderately wounded.
The orc hits you with a +0 falchion.
You hit the orc.
The orc is severely wounded.
The orc hits you with a +0 falchion.
You hit the orc.
You kill the orc!
You start resting.
An orc comes into view. It is wielding a +0 mace.
The orc shouts!
The orc hits you but does no damage.
You closely miss the orc. The orc hits you with a +0 mace.
You hit the orc.
The orc is almost dead.
The orc misses you.
You barely miss the orc.
The orc is almost dead.
The orc barely misses you.
You hit the orc.
You kill the orc!
The orc priest mumbles some strange prayers to Beogh against you.
Pain shoots through your body!
Unknown command.
The orc priest invokes the aid of Beogh against you.
Beogh smites you!
* * * LOW HITPOINT WARNING * * *
Things that are here:
a +0 mace; a +0 leather armour; an orc corpse You hit the orc priest but do no damage.
You punch the orc priest.
The orc priest is moderately wounded.
The orc priest invokes the aid of Beogh against you.
Beogh smites you!
You die...

### ###### #..
.....# # #.#
#..... ...######.#
#.##.# #........#
#.##.# #....o..)#
#.##.# #...
#o#####.##.##
#..###h..........#
#.)....#######..#
#..###### #..##
.... ..# #...#
#### #.#
###..####. #<##
#......... #..#
#.#..##### #..#
##.#..# #..##
##.....#


You could see an orc priest.

Vanquished Creatures
  A worm (D:2)
  2 dart slugs (D:1)
  2 orcs (D:3)
  3 endoplasms (D:1)
  2 giant cockroaches (D:1)
  5 goblins
  A hobgoblin (D:2)
  7 jackals
  4 ball pythons
  4 bats
  3 frilled lizards
  9 rats
43 creatures vanquished.

Notes
Turn   | Place    | Note
-------+----------+-------------------------------------------
     0 | D:1      | MacCMillion the Merfolk Shapeshifter began the quest for
                  | the Orb.
     0 | D:1      | Reached XP level 1. HP: 15/15 MP: 1/1
   115 | D:1      | Reached XP level 2. HP: 12/21 MP: 2/2
   373 | D:1      | Reached XP level 3. HP: 20/27 MP: 3/3
   421 | D:1      | Got the Volume of Pestilence and Ceraunoscopy
  1085 | D:2      | Noticed Sigmund
  1197 | D:3      | Killed from afar by an orc priest

Illustrated notes

Levels and vault maps discovered:
D:1:      ebering_trefoil_twist, layout_rooms, st_stairs_5
D:2:      layout_rooms, uniq_sigmund
D:3:      layout_loops_ring, chei_slow_surprise, ebering_ecumenical_altar_box

Skill      XL: |  1  2  3 |
---------------+----------+-----
Unarmed Combat | 4 |  4.4
Fighting       | 2 |  2.2
Dodging        | |  2.6
Shapeshifting  | |  4.3

Action                     || total
---------------------------++-------
  Melee: Unarmed           ||   113
         Punch             ||     4
 Armour: Animal skin       ||    28
  Dodge: Dodged            ||    83

Table legend: (Time is in decaauts)
 A = Elapsed time spent in this place.
 B = Non-inter-level travel time spent in this place.
 C = Inter-level travel time spent in this place.
 D = Time resting spent in this place.
 E = Time spent auto-exploring this place.
 F = Levels seen in this place.
 G = Mean time per level.
                   A        B        C        D        E       F      G
               +--------+--------+--------+--------+--------+-----+--------+
         Total |   1187 |   1142 |     45 |      9 |    776 |   3 |  395.7 |
       Dungeon |   1187 |   1142 |     45 |      9 |    776 |   3 |  395.7 |
               +--------+--------+--------+--------+--------+-----+--------+

Top non-repeatable levels by time:
     D:1: 664 daAuts
     D:2: 462 daAuts
     D:3: 60 daAuts
